 Dungeon Crawl Stone Soup version 0.32-a0-136-gc02482bde3 (webtiles) character file.

Game seed: 7150673710094495976

901 Ceno the Changeling (level 8, -3/54 HPs)
             Began as an Octopode Shapeshifter on Feb 10, 2024.
             Was an Initiate of Gozag.
             Slain by a phantom (7 damage)
             ... on level 5 of the Dungeon.
             The game lasted 00:08:51 (3547 turns).

Ceno the Changeling (Octopode Shapeshifter)         Turns: 3547, Time: 00:08:53

Health: -3/54      AC:  1    Str: 16    XL:     8   Next: 7%
Magic:  8/8        EV: 13    Int: 12    God:    Gozag
Gold:   323        SH:  0    Dex: 11    Spells: 7/7 levels left

rFire   . . .        g - +4 dagger (venom)
rCold   . . .        (no shield)
rNeg    . . .        (helmet currently unavailable)
rPois   .            (no amulet)
rElec   .            (no ring)
rCorr   .            (no ring)
SInv    .            (no ring)
Will    .....        (no ring)
Stlth   ++++         (no ring)
HPRegen 0.29/turn    (no ring)
MPRegen 0.11/turn    (no ring)
                     (no ring)

%: no passive effects
@: beast-form
A: beast (slay +3), almost no armour, amphibious, 8 rings, camouflage 1,
gelatinous body 1, (nimble swimmer 1), tentacles
a: Begin Untransformation, Renounce Religion, Potion Petition, Call Merchant,
Bribe Branch


You were on level 5 of the Dungeon.
You worshipped Gozag.
Gozag was aware of your devotion.
You were a hulking beast.
You visited 1 branch of the dungeon, and saw 5 of its levels.
You also visited: Sewer.

You collected 415 gold pieces.
You paid 92 gold pieces to Gozag.

Inventory:

Hand Weapons
 g - a +4 dagger of venom (weapon)
Missiles
 f - 49 stones (quivered)
 z - 2 throwing nets
Talismans
 b - a beast talisman
 c - a flux talisman
Wands
 t - a wand of paralysis (15)
 v - a wand of polymorph (4)
Scrolls
 e - 4 scrolls of teleportation
 i - a scroll of amnesia {unknown}
 j - a scroll of noise {unknown}
 n - a scroll of fear {unknown}
 q - a scroll of vulnerability {unknown}
 r - a scroll of blinking {unknown}
 s - 2 scrolls of revelation {unknown}
 u - 2 scrolls of identify {unknown}
 w - a scroll of enchant armour {unknown}
 x - a scroll of poison {unknown}
 y - a scroll of fog {unknown}
Potions
 a - 2 potions of lignification
 d - 2 potions of heal wounds {unknown}
 h - a potion of curing {unknown}
 k - a potion of ambrosia {unknown}
 l - 4 potions of magic {unknown}
 m - a potion of cancellation {unknown}
 o - 4 potions of haste {unknown}
 p - 2 potions of resistance {unknown}


   Skills:
 + Level 4.0 Fighting
 - Level 2.0 Dodging
 + Level 5.4 Stealth
 + Level 4.9 Unarmed Combat
 * Level 5.9 Shapeshifting


You had 7 spell levels left.
You didn't know any spells.
Your spell library contained the following spells:

 Spells                   Type           Power      Damage    Failure   Level
 Iskenderun's Battlesphe  Conj           0%         2d6       100%        5
 Bombard                  Conj/Erth      0%         9d1       100%        6
 Spellforged Servitor     Conj/Summ      0%         N/A       100%        7


Dungeon Overview and Level Annotations

Branches:
Dungeon (5/15)              Sewer (visited)
 Temple: D:4-7

Altars:
Gozag
Makhleb
Zin

Annotations:
D:3 Ijyb


Innate Abilities, Weirdness & Mutations

You are a hulking beast.
Your limbs bulge with bestial killing power. (Slay +3)
You cannot wear most types of armour.
You are amphibious.
You can wear up to eight rings at the same time.
Your skin changes colour to match your surroundings (Stealth+).
Your rubbery body absorbs attacks. (AC +1, EV +1)
((You are camouflaged when in or above water. (Stealth+)))
You have tentacles for arms and can constrict up to eight enemies at once.


Message History

You feel sick.
You kill the scorpion!
Your Fighting skill increases to level 4!
You feel sick.
You now have 323 gold pieces (gained 15).
You feel sick.
Found a runed hand axe.
You feel sick.
You feel sick.
You feel sick.
You feel sick.
You are no longer poisoned.
z - 2 throwing nets You see here a +1 short sword of venom.
You see here a +0 dagger.
You see here a +1 heavy hand axe.
A phantom comes into view.
Found an escape hatch in the ceiling.
Found a scroll labelled YTICZA QEUC.
An ice beast comes into view.
The helpless phantom fails to defend itself.
You impale the phantom!!
The phantom is severely damaged.
The phantom hits you.
You closely miss the ice beast. You squeeze the ice beast!
The ice beast is heavily wounded.
The ice beast barely misses you.
The phantom hits you but does no damage.
You hit the ice beast.
The ice beast is heavily wounded.
The ice beast hits you. The ice beast freezes you! The phantom misses you.
You hit the ice beast.
The ice beast is heavily wounded.
The ice beast hits you. The ice beast freezes you! The phantom hits you.
You hit the ice beast but do no damage.
The ice beast is heavily wounded.
The ice beast hits you. The ice beast freezes you!
* * * LOW HITPOINT WARNING * * *
The phantom hits you!
You die...
Your body crumbles into a pile of gold.

.....## ###.# ####.....#<.
......#####.## #........#.#
......#......#### #.##...#.#.#
......#.........# ##.....#.#
............###.######.##...#.#.#
.[.....########........##...#.#.#
#).....##..............######.#.#
#......##............... #.#..
#...)..##.......h....<.. ##.###
##.....##......YW....... #.....
#.....##............... #.####
#...####............?.. #. #
#...# ########........ .. # #...#
#........ ..# # #...# #........
## #...# #######.#


You could see an ice beast and a phantom.

Vanquished Creatures
  Grinder (D:3)
  Blork the orc (D:5)
  A kobold brigand (Sewer)
  A scorpion (D:5)
  A howler monkey (D:3)
  2 quasits (Sewer)
  A jelly (D:5)
  A sleepcap (D:5)
  Jessica (D:2)
  Natasha (D:2)
  Terence (D:2)
  2 iguanas (D:5)
  2 orc wizards
  4 adders
  5 shadow imps (Sewer)
  2 ufetubi (Sewer)
  2 dart slugs (D:2)
  3 ribbon worms
  8 orcs
  6 ball pythons
  A bat zombie (Sewer)
  11 endoplasms
  3 giant cockroaches
  6 goblins
  8 hobgoblins
  11 kobolds
  7 quokkas
  A bat (D:1)
  3 frilled lizards
  A kobold zombie (Sewer)
  7 rats
105 creatures vanquished.

Vanquished Creatures (others)
  An endoplasm (Sewer)
1 creature vanquished.

Grand Total: 106 creatures vanquished

Notes
Turn   | Place    | Note
-------+----------+-------------------------------------------
     0 | D:1      | Ceno the Octopode Shapeshifter began the quest for the Orb.
     0 | D:1      | Reached XP level 1. HP: 13/13 MP: 1/1
    89 | D:1      | Reached XP level 2. HP: 18/18 MP: 2/2
    97 | D:1      | Reached skill level 1 in Stealth
   643 | D:1      | Reached XP level 3. HP: 18/23 MP: 3/3
   762 | D:2      | Noticed Jessica
   775 | D:2      | Killed Jessica
   776 | D:2      | Reached XP level 4. HP: 14/29 MP: 4/4
   992 | D:2      | Found a glowing silver altar of Zin.
  1024 | D:2      | Noticed Natasha
  1026 | D:2      | Noticed Terence
  1028 | D:2      | Killed Natasha
  1035 | D:2      | Killed Terence
  1036 | D:2      | Reached XP level 5. HP: 20/34 MP: 5/5
  1622 | D:3      | Found a glowing drain.
  1632 | Sewer    | Entered a sewer
  1672 | Sewer    | Reached XP level 6. HP: 36/41 MP: 6/6
  1839 | Sewer    | Found a burning altar of Makhleb.
  2181 | D:3      | Noticed Grinder
  2205 | D:3      | Killed Grinder
  2206 | D:3      | Reached skill level 5 in Shapeshifting
  2206 | D:3      | Reached XP level 7. HP: 46/46 MP: 7/7
  2317 | D:3      | Identified the +0 scale mail "Ykifemeo" {^Drain rF+++ Str-4
                  | Int+6}
  2317 | D:3      | Noticed Ijyb
  2343 | D:3      | Identified the +5 short sword of Absolution {flame, ^Drain
                  | Str-4 Int+8}
  2394 | D:4      | Found an opulent altar of Gozag.
  2405 | D:4      | Became a worshipper of Gozag Ym Sagoz the Greedy
  3088 | D:5      | Entered Level 5 of the Dungeon
  3101 | D:5      | Found a burning altar of Makhleb.
  3240 | D:5      | Reached skill level 5 in Stealth
  3391 | D:5      | Noticed Blork the orc
  3396 | D:5      | Killed Blork the orc
  3420 | D:5      | Reached XP level 8. HP: 41/54 MP: 8/8
  3547 | D:5      | Slain by a phantom

Illustrated notes

Levels and vault maps discovered:
D:1:      minmay_arrival_radiant_lines, layout_basic
D:2:      layout_rooms, basic_altar, uniq_terence, uniq_jessica, uniq_natasha
D:3:      layout_loops_corners, serial_forest, infiniplex_forest_straight_2,
          infiniplex_forest_lined_room_2, infiniplex_forest_clump_C,
          infiniplex_forest_corner_1, infiniplex_forest_clump_diagonal,
          infiniplex_forest_clump_cross, infiniplex_forest_clump_curved,
          infiniplex_forest_lined_2, infiniplex_forest_clump_small,
          gup_sewer_entry_bubbles, uniq_ijyb, uniq_crazy_yiuf_cottage,
          uniq_grinder
D:4:      layout_gridville, nicolae_gozag_seed_capital
D:5:      layout_basic, bloody_makhleb, uniq_blork_the_orc

Skill      XL: |  1  2  3  4  5  6  7  8 |
---------------+-------------------------+-----
Stealth        | 1 2 3 4 5 |  5.4
Fighting       | 2 3 4 |  4.0
Shapeshifting  | 4 5 |  5.9
Unarmed Combat | 4 |  4.9
Dodging        | |  2.0

Action                     |  1- 3 |  4- 6 |  7- 9 || total
---------------------------+-------+-------+-------++-------
  Melee: Unarmed           |    27 |       |       ||    27
         Tentacles         |     8 |    14 |    12 ||    34
         Constrict         |     8 |    21 |    11 ||    40
         Dagger            |    19 |   123 |    51 ||   193
         Punch             |     2 |     2 |     1 ||     5
  Throw: Stone             |       |     2 |     1 ||     3
    Use: Scroll            |       |     1 |       ||     1
         Potion            |       |     1 |       ||     1
   Stab: Sleeping          |     7 |    10 |     6 ||    23
 Armour: Skin              |    10 |    54 |    24 ||    88
  Dodge: Dodged            |    17 |    59 |    19 ||    95

Table legend: (Time is in decaauts)
 A = Elapsed time spent in this place.
 B = Non-inter-level travel time spent in this place.
 C = Inter-level travel time spent in this place.
 D = Time resting spent in this place.
 E = Time spent auto-exploring this place.
 F = Levels seen in this place.
 G = Mean time per level.
                   A        B        C        D        E       F      G
               +--------+--------+--------+--------+--------+-----+--------+
         Total |   3546 |   3493 |     53 |    218 |   2203 |   6 |  591.0 |
       Dungeon |   3121 |   3068 |     53 |    180 |   2090 |   5 |  624.2 |
         Sewer |    425 |    425 |      0 |     38 |    113 |   1 |  425.0 |
               +--------+--------+--------+--------+--------+-----+--------+

Top non-repeatable levels by time:
     D:1: 726 daAuts
     D:4: 692 daAuts
     D:3: 668 daAuts
     D:2: 575 daAuts
     D:5: 458 daAuts
   Sewer: 425 daAuts
